Map: Ruins of Seras

Players

Kelazhur

  • Race: Terran Terran
  • League: Gold

Arthur - Winner!

  • Race: Protoss Protoss
  • League: Diamond

Event: ASL Season 5 Prime League LOTV Beta

VOD

Have the link to the VOD?

Description

Time

  • Played on: Sept. 7, 2015, 10:58 p.m.
  • Length: 6:04

All games in this series

Show
View Real Time Build Order
Export as new Build Order

Kelazhur Terran 

Build Orders: MMM Bio 

Get SALT Encoding   

  12  0:01  SCV  
  13  0:13  SCV  
  14  0:18  Supply Depot  
  14  0:25  SCV  
  15  0:39  SCV  
  15  0:41  Barracks  
  16  0:51  SCV  
  17  1:03  SCV  
  18  1:16  SCV  
  19  1:28  Marine, Orbital Command  
  20  1:36  Command Center  
  20  1:40  Supply Depot  
  20  1:46  Marine  
  21  1:54  SCV  
  22  2:00  Bunker  
  22  2:04  Marine  
  22  2:06  SCV  
  24  2:11  Barracks  
  24  2:17  Barracks  
  24  2:18  SCV  
  24  2:22  Marine  
  26  2:31  SCV  
  26  2:33  Refinery x2  
  27  2:40  Marine  
  27  2:43  SCV  
  29  2:48  Orbital Command  
  29  2:55  SCV  
  29  2:57  Marine  
  31  3:00  Marine  
  32  3:07  SCV  
  32  3:08  Barracks Tech Lab  
  33  3:15  Marine  
  33  3:18  SCV, Marine  
  33  3:19  SCV  
  37  3:26  Supply Depot  
  37  3:27  Stimpack, Marauder  
  37  3:30  SCV  
  37  3:32  SCV  
  42  3:42  SCV, Barracks Tech Lab, Barracks Reactor  
  42  3:44  SCV  
  42  3:53  Marauder  
  42  3:54  SCV  
  45  3:55  Supply Depot  
  45  3:56  SCV  
  45  4:01  Marauder  
  48  4:06  SCV  
  48  4:08  SCV  
  50  4:14  Marauder  
  52  4:18  SCV  
  52  4:19  Supply Depot, Marine  
  52  4:20  SCV, Marine  
  56  4:25  Combat Shields, Marauder  
  56  4:27  Supply Depot  
  56  4:30  SCV  
  58  4:32  SCV  
  58  4:35  Marauder  
  58  4:37  Marine  
  62  4:43  Supply Depot  
  61  4:47  Marine  
  54  4:55  Marauder  
  54  4:56  SCV x2  
  54  4:57  Marauder  
  40  5:05  Marine  
  33  5:08  SCV  
  33  5:17  SCV, Marauder  
  33  5:18  Marauder  
  33  5:20  SCV  
  32  5:23  Barracks, Marine  
  21  5:29  SCV  
  21  5:33  SCV  
  17  5:38  Marauder  
  17  5:41  SCV  
  16  5:45  SCV  
Show
View Real Time Build Order
Export as new Build Order

Arthur Protoss - Winner!

Build Orders: Mass Adepts 

Get SALT Encoding   

  12  0:00  Probe (Chrono Boost)  
  13  0:10  Probe (Chrono Boost)  
  14  0:18  Pylon  
  14  0:22  Probe (Chrono Boost)  
  15  0:36  Probe (Chrono Boost)  
  15  0:42  Gateway  
  16  0:46  Probe (Chrono Boost)  
  16  0:49  Assimilator  
  17  0:56  Probe (Chrono Boost)  
  18  1:06  Probe (Chrono Boost), Pylon  
  19  1:16  Probe (Chrono Boost)  
  20  1:26  Probe (Chrono Boost)  
  20  1:30  Cybernetics Core  
  21  1:36  Probe (Chrono Boost)  
  22  1:40  Assimilator  
  22  1:47  Probe (Chrono Boost)  
  23  1:57  Probe (Chrono Boost)  
  24  2:06  Adept, Warp Gate (Chrono Boost)  
  26  2:08  Probe (Chrono Boost)  
  27  2:18  Probe (Chrono Boost)  
  27  2:20  Pylon  
  28  2:23  Pylon  
  28  2:33  Adept  
  30  2:39  Robotics Facility  
  30  2:41  Mothership Core (Chrono Boost)  
  31  3:01  Adept  
  33  3:06  Gateway x2  
  33  3:08  Gateway  
  33  3:21  Gateway  
  33  3:25  Warp Prism (Chrono Boost)  
  35  3:37  Pylon  
  35  3:38  Pylon  
  35  4:08  Adept x4  
  43  4:11  Pylon  
  43  4:31  Adept x4  
  47  4:33  Sentry  
  53  4:52  Zealot x2  
  57  4:53  Sentry, Zealot  
  57  4:59  Sentry  
  53  5:13  Adept x2  
  53  5:14  Adept  
  59  5:16  Sentry  
  51  5:31  Adept  
  51  5:34  Sentry x2  
  53  5:43  Zealot x2  
  57  5:53  Sentry  
Tags
 
Add a new tag
Caveats
  • Supply blocks, unpowered buildings, or Contaminate may cause inaccurate times.
  • Supply counts are checked every 10 seconds.